 Dungeon Crawl Stone Soup version 0.30-a0-364-gf6b3ef1049 (webtiles) character file.

Game seed: 12044475193063278946

1853 Hubris850 the Cleaver (level 9, -3/71 HPs)
             Began as a Hill Orc Fighter on Nov 14, 2022.
             Was a Believer of Qazlal.
             Slain by a troll (8 damage)
             ... on level 6 of the Dungeon.
             The game lasted 00:15:00 (6157 turns).

Hubris850 the Cleaver (Hill Orc Fighter)            Turns: 6157, Time: 00:15:00

Health: -3/71      AC:  8    Str: 27    XL:     9   Next: 12%
Magic:  9/9        EV:  8    Int:  8    God:    Qazlal [**....]
Gold:   318        SH: 14    Dex: 12    Spells: 8/8 levels left

rFire   . . .      SeeInvis +    l - +1 hand axe (freeze)
rCold   . . .      Faith    .    m - +2 kite shield
rNeg    . . .      Spirit   .    b - +0 scale mail
rPois   .          Reflect  .    p - +0 helmet
rElec   .          Harm     .    (no cloak)
rCorr   .          Rampage  .    (no gloves)
Will    .....                    (no boots)
Stlth   ..........               v - amulet of the acrobat
HPRegen 0.31/turn                h - +6 ring of strength
MPRegen 0.11/turn                G - ring of see invisible

@: no status effects
A: no striking features
a: Renounce Religion, Upheaval


You were on level 6 of the Dungeon.
You worshipped Qazlal.
Qazlal was pleased with you.
You visited 2 branches of the dungeon, and saw 7 of its levels.
You also visited: Sewer.

You collected 318 gold pieces.

Inventory:

Hand Weapons
 a - a +0 war axe
 g - a +1 whip of electrocution
 l - a +1 hand axe of freezing (weapon)
 t - a +1 whip of venom
Missiles
 o - 3 throwing nets
 y - 10 poisoned darts (quivered)
Armour
 b - a +0 scale mail (worn)
 c - a +0 buckler
 j - a scarf of shadows
 m - a +2 kite shield (worn)
 p - a +0 helmet (worn)
Jewellery
 h - a +6 ring of strength (left hand)
 u - a ring of magical power
 v - an amulet of the acrobat (around neck)
 G - a ring of see invisible (right hand)
Wands
 r - a wand of roots (18)
Scrolls
 e - a scroll of torment
 i - 4 scrolls of fog
 k - a scroll of amnesia
 s - 3 scrolls of teleportation
 x - a scroll of blinking
 F - a scroll of immolation {unknown}
Potions
 d - a potion of attraction
 f - 2 potions of brilliance {unknown}
 n - 3 potions of curing
 q - 6 potions of heal wounds
 w - 2 potions of lignification {unknown}
 z - 2 potions of might
 A - a potion of magic {unknown}
 B - 2 potions of cancellation {unknown}
 C - a potion of haste {unknown}
 D - 3 potions of mutation {unknown}
 E - a potion of resistance {unknown}


   Skills:
 - Level 4.0 Fighting
 + Level 12.5 Axes
 - Level 6.0 Armour
 - Level 6.0 Shields


You had 8 spell levels left.
You didn't know any spells.
Your spell library contained the following spells:

 Spells                   Type           Power      Damage    Failure   Level
 Slow                     Hex            0%         N/A       94%         1
 Blink                    Tloc           0%         N/A       98%         2
 Ensorcelled Hibernation  Hex/Ice        0%         N/A       98%         2
 Momentum Strike          Conj/Tloc      0%         3d8       98%         2
 Passwall                 Tmut/Erth      0%         N/A       98%         2
 Confusing Touch          Hex            0%         N/A       100%        3
 Lesser Beckoning         Tloc           0%         N/A       100%        3
 Swiftness                Air            0%         N/A       100%        3
 Vampiric Draining        Necr           0%         2d6       100%        3


Dungeon Overview and Level Annotations

Branches:
Dungeon (6/15)             Temple (1/1) D:4           Sewer (visited)

Altars:
Ashenzari
Elyvilon
Fedhas
Okawaru
Qazlal
Ru
Uskayaw
Yredelemnul
Zin
The Shining One


Message History

The yak is severely wounded.
You hit the troll but do no damage. You block the yak's attack.
You block the troll's attack. x2; The troll claws you but does no damage.
You hit the yak. You freeze the yak.
The yak is severely wounded.
You barely miss the troll.
The yak is engulfed in blazing flames.
You kill the yak!
Qazlal accepts your kill. The troll bites you! You block the troll's attack.
The troll claws you.
You slash the troll! You freeze the troll.
The troll is moderately wounded.
The troll bites you! The troll claws you. x2
You are too injured to fight recklessly!
You are too injured to fight recklessly!
You are too injured to fight recklessly!
You barely miss the troll.
The troll is moderately wounded.
The troll closely misses you. The troll claws you!
* * * LOW HITPOINT WARNING * * *
The troll claws you but does no damage.
You slash the troll! You freeze the troll.
The troll is heavily wounded.
You barely miss the troll.
The troll is heavily wounded.
The troll completely misses you. The troll barely misses you.
You block the troll's attack.
You hit the troll. You freeze the troll.
The troll is heavily wounded.
You block the troll's attack. x2; The troll claws you!
* * * LOW HITPOINT WARNING * * *
You hit the troll. You freeze the troll.
The troll is heavily wounded.
The troll bites you.
* * * LOW HITPOINT WARNING * * *
The troll closely misses you. You block the troll's attack.
You slash the troll! You freeze the troll.
The troll is almost dead.
The troll closely misses you. You block the troll's attack.
The troll claws you!
You die...

..†........# #..........#....
...†.......# #..........#§≈§§
...........# #..........#§.§§
...........# #..........#≈.≈.
...........# #..........#≈.§.
...........# #..........#§§§§
...........# #..........#≈§§≈
...........#######..........#.≈§≈
.....###+#......@T##'###.>..#.§§§
.....#...#.....§#†.))).#.....####
.....#...#......#......#.....#...
.....'...#......#......#.....#...
.....#...#......#......#.....#...
.....#...#......#......#.....#...
.....#...#......#......#.....'...
.....##..#......####''####...#...
......#..########........##..#...


You could see a troll.

Vanquished Creatures
  The ghost of porpoise the Trooper, an amateur DjFE (D:3)
  A yak (D:6)
  A water moccasin (D:6)
  A sky beast (D:6)
  2 ice beasts (D:5)
  2 ogres
  2 phantoms
  2 kobold brigands (Sewer)
  2 scorpions (D:5)
  A howler monkey (D:6)
  2 orc priests (D:6)
  5 iguanas
  An orc wizard (D:6)
  Robin (D:4)
  7 adders
  5 river rats (Sewer)
  2 white imps (D:4)
  An ufetubus (D:5)
  6 worms
  4 dart slugs
  3 orcs
  3 endoplasms
  6 giant cockroaches
  9 goblins
  10 hobgoblins
  13 jackals
  25 kobolds
  4 quokkas
  10 ball pythons
  6 bats
  3 frilled lizards
  35 rats
176 creatures vanquished.

Notes
Turn   | Place    | Note
-------+----------+-------------------------------------------
     0 | D:1      | Hubris850 the Hill Orc Fighter began the quest for the Orb.
     0 | D:1      | Reached XP level 1. HP: 19/19 MP: 1/1
    60 | D:1      | Reached XP level 2. HP: 15/27 MP: 2/2
    61 | D:1      | Reached skill level 3 in Axes
   470 | D:1      | Reached XP level 3. HP: 33/33 MP: 3/3
  1027 | D:2      | Found a faded altar of an unknown god.
  1375 | D:2      | Reached XP level 4. HP: 40/40 MP: 4/4
  1856 | D:3      | Reached skill level 4 in Axes
  1978 | D:3      | Found a transporter.
  1986 | D:3      | Noticed porpoise's ghost (amateur DjFE)
  1990 | D:3      | Found a transporter.
  2692 | D:4      | Noticed Robin
  2710 | D:4      | Killed Robin
  2712 | D:4      | Reached XP level 5. HP: 11/46 MP: 5/5
  3237 | D:4      | Found a staircase to the Ecumenical Temple.
  3246 | Temple   | Entered the Ecumenical Temple
  3266 | Temple   | Became a worshipper of Qazlal Stormbringer
  3545 | D:5      | Entered Level 5 of the Dungeon
  3570 | D:5      | Reached skill level 5 in Axes
  3570 | D:5      | Reached XP level 6. HP: 10/52 MP: 6/6
  3575 | D:4      | HP: 2/52 [poisoned by a scorpion]
  3776 | D:5      | Reached skill level 5 in Armour
  3776 | D:5      | Reached skill level 5 in Shields
  3921 | D:5      | Noticed an ice beast
  3938 | D:5      | Killed an ice beast
  4031 | D:5      | Reached skill level 6 in Axes
  4031 | D:5      | Reached XP level 7. HP: 38/59 MP: 7/7
  4082 | D:5      | Found a glowing drain.
  4114 | Sewer    | Entered a sewer
  4237 | Sewer    | Reached * piety under Qazlal
  4481 | Sewer    | Reached ** piety under Qazlal
  4490 | Sewer    | Reached skill level 7 in Axes
  4902 | D:3      | Killed porpoise's ghost
  4903 | D:3      | Reached skill level 8 in Axes
  4903 | D:3      | Reached XP level 8. HP: 61/66 MP: 8/8
  5088 | D:5      | Reached skill level 9 in Axes
  5493 | D:6      | Reached skill level 10 in Axes
  5709 | D:6      | Found a hide-covered altar of Uskayaw.
  5709 | D:6      | Found a glowing silver altar of Zin.
  5738 | D:6      | Reached skill level 11 in Axes
  6003 | D:6      | Found an iron altar of Okawaru.
  6081 | D:6      | Reached XP level 9. HP: 70/71 MP: 9/9
  6086 | D:6      | Reached skill level 12 in Axes
  6129 | D:6      | Noticed a troll
  6157 | D:6      | Slain by a troll

Illustrated notes

Levels and vault maps discovered:
D:1:      nicolae_arrival_washed_ashore, layout_loops_ring, moated_statue,
          minmay_tetromino_i4
D:2:      minmay_angry_zag, layout_loops_ring,
          shapermc_ecumenical_altar_mp_vishouse, dk_vineyard_3
D:3:      layout_basic, gammafunk_ghost_arena
D:4:      layout_gridville, lemuel_temple_firewalk_b, uniq_robin
D:5:      layout_basic, cheibrodos_sewer_entry_bend, hex_large
D:6:      kennysheep_big_flooded_room, layout_gridville, tgw_kikubaaqudgha,
          nicolae_overflow_two_pavilions, mainiacjoe_overflow_paths,
          grunt_ministairs_9
Temple:   eino_temple_water

Skill      XL: |  1  2  3  4  5  6  7  8  9 |
---------------+----------------------------+-----
Axes           | 3 4 5 6 8 11 12 | 12.5
Fighting       | 4 |  4.0
Armour         | 4 5 6 |  6.0
Shields        | 4 5 6 |  6.0

Action                   |  1- 3 |  4- 6 |  7- 9 || total
-------------------------+-------+-------+-------++-------
Melee: War axe           |    24 |       |       ||    24
       Whip              |   101 |    20 |    22 ||   143
       Hand axe          |    10 |   124 |   213 ||   347
Throw: Dart              |       |       |     8 ||     8
  Use: Potion            |     1 |     1 |     1 ||     3
       Scroll            |       |     8 |     3 ||    11
Armor: Scale mail        |    75 |    50 |    56 ||   181
Dodge: Dodged            |    72 |    43 |    48 ||   163
Block: Buckler           |    28 |       |       ||    28
       Kite shield       |       |    77 |   125 ||   202

Table legend: (Time is in decaauts)
 A = Elapsed time spent in this place.
 B = Non-inter-level travel time spent in this place.
 C = Inter-level travel time spent in this place.
 D = Time resting spent in this place.
 E = Time spent auto-exploring this place.
 F = Levels seen in this place.
 G = Mean time per level.
                   A        B        C        D        E       F      G
               +--------+--------+--------+--------+--------+-----+--------+
         Total |   6229 |   5930 |    299 |    391 |   4212 |   8 |  778.6 |
       Dungeon |   5531 |   5249 |    282 |    391 |   3772 |   6 |  921.8 |
        Temple |     37 |     20 |     17 |      0 |      5 |   1 |   37.0 |
         Sewer |    659 |    659 |      0 |      0 |    435 |   1 |  659.0 |
               +--------+--------+--------+--------+--------+-----+--------+

Top non-repeatable levels by time:
     D:4: 1216 daAuts
     D:5: 946 daAuts
     D:3: 942 daAuts
     D:1: 924 daAuts
     D:2: 832 daAuts
     D:6: 669 daAuts
   Sewer: 659 daAuts
  Temple: 37 daAuts
